Map: Blackpink LE

Players

Youth

  • Race: Terran Terran
  • League: Diamond
  • Spawn Location: 1:00

Fading - Winner!

  • Race: Zerg Zerg
  • League: Platinum
  • Spawn Location: 7:00

VOD

Have the link to the VOD?

Description

Time

  • Played on: April 27, 2018, 11:13 p.m.
  • Length: 15:16
Show
View Real Time Build Order
Export as new Build Order

Youth Terran 

Build Orders: Hellion Banshee 

Get SALT Encoding   

  12  0:01  SCV  
  13  0:13  SCV  
  14  0:23  Supply Depot  
  14  0:25  SCV  
  15  0:45  SCV  
  16  0:52  Barracks  
  16  0:55  Refinery  
  16  0:57  SCV  
  17  1:09  SCV  
  18  1:22  SCV  
  19  1:32  Supply Depot  
  19  1:34  SCV  
  20  1:40  Marine  
  20  1:47  Orbital Command  
  21  1:57  Marine  
  22  2:04  Command Center  
  22  2:15  Factory  
  22  2:17  Barracks Reactor  
  22  2:21  SCV  
  23  2:33  SCV  
  23  2:35  Refinery  
  24  2:45  SCV  
  25  3:07  Starport  
  25  3:08  SCV  
  25  3:09  Barracks Tech Lab  
  25  3:10  Hellion  
  25  3:11  Hellion  
  30  3:19  Supply Depot  
  30  3:20  SCV  
  31  3:32  Hellion x2  
  35  3:38  SCV  
  36  3:43  Orbital Command  
  36  3:47  Starport Tech Lab  
  36  3:50  SCV  
  36  3:53  Hellion x2  
  41  3:56  Marine  
  41  4:02  Supply Depot, SCV  
  43  4:09  SCV  
  44  4:14  SCV  
  44  4:15  Hellion x2  
  49  4:21  SCV  
  50  4:24  Supply Depot  
  50  4:27  SCV  
  51  4:33  SCV  
  51  4:36  Hellion x2  
  56  4:38  Marine  
  56  4:39  SCV  
  56  4:41  Banshee  
  56  4:45  SCV  
  60  4:57  Hellion x2  
  64  5:03  SCV x2  
  64  5:13  Marine  
  63  5:15  SCV  
  63  5:19  Hellion x2, Barracks x2  
  63  5:20  Starport, SCV  
  63  5:21  Barracks  
  69  5:26  Supply Depot  
  69  5:27  SCV  
  70  5:32  SCV  
  71  5:39  Supply Depot, SCV  
  71  5:40  Hellion  
  71  5:41  Supply Depot  
  74  5:46  Hellion  
  74  5:49  SCV  
  77  5:51  SCV  
  78  5:57  Refinery  
  48  6:38  Hellion x2, Barracks Reactor  
  48  6:39  Barracks Reactor  
  48  6:41  Starport Reactor, Barracks Reactor  
  48  6:43  SCV x2  
  48  6:45  Supply Depot  
  50  6:49  Engineering Bay  
  50  6:53  Armory  
  50  6:55  SCV x2  
  50  6:56  Engineering Bay  
  50  6:58  Marine  
  53  7:05  Orbital Command  
  53  7:07  SCV x2  
  53  7:12  Hellion x2  
  38  7:16  Marine  
  36  7:27  SCV  
  36  7:28  Marine x2  
  36  7:29  Marine x2  
  41  7:30  Marine x2  
  41  7:33  Medivac x2  
  47  7:39  Terran Infantry Weapons Level 1, Terran Infantry Armor Level 1, SCV  
  48  7:48  Widow Mine x2  
  48  7:50  Marine x4  
  48  7:51  Marine x2  
  58  7:53  Marine  
  58  7:55  SCV x2  
  61  8:03  Medivac x2  
  65  8:07  SCV  
  65  8:08  Marine x3  
  65  8:09  Marine, SCV  
  71  8:14  Supply Depot  
  71  8:15  Terran Ship Weapons Level 1  
  71  8:17  Banshee  
  71  8:19  SCV  
  75  8:22  Widow Mine x2  
  75  8:25  Marine  
  75  8:26  Marine x2  
  82  8:34  SCV x2, Refinery  
  84  8:41  Marine x2  
  85  8:43  Marine x3  
  85  8:44  Marine  
  85  8:46  Medivac, SCV x2  
  94  8:49  Marine  
  94  8:53  Widow Mine x2  
  99  8:58  Supply Depot, SCV x2  
  99  9:02  Supply Depot  
  101  9:10  SCV x2  
  101  9:13  Marine x2  
  101  9:14  Marine x4  
  109  9:20  Supply Depot  
  109  9:24  Supply Depot  
  109  9:25  SCV x2  
  111  9:31  Marine x2  
  111  9:32  Marine x3  
  111  9:33  Marine  
  111  9:38  Terran Infantry Weapons Level 2  
  117  9:44  Terran Infantry Armor Level 2  
  117  9:46  Widow Mine  
  119  9:53  Marine x3  
  119  9:54  Marine x2  
  124  10:00  SCV  
  124  10:01  SCV  
  126  10:12  Supply Depot, SCV, Stimpack  
  127  10:14  Medivac x2  
  127  10:16  Banshee  
  134  10:31  Marine x4  
  134  10:32  Marine x2  
  134  10:35  Marine  
  141  10:37  Widow Mine  
  141  10:38  Widow Mine  
  145  10:45  Command Center  
  145  10:52  Marine x2  
  145  10:53  Marine x3  
  145  10:54  Marine  
  151  10:57  Supply Depot  
  151  10:59  Liberator  
  151  11:00  Terran Ship Weapons Level 2  
  151  11:03  Liberator  
  151  11:07  SCV x2  
  151  11:11  Banshee  
  159  11:19  SCV  
  163  11:28  Supply Depot  
  163  11:32  Supply Depot  
  163  11:33  Marine x2  
  163  11:34  Marine  
  163  11:36  Marine  
  167  11:42  Marine x2  
  167  11:45  Marine  
  170  11:54  Supply Depot  
  170  12:10  Widow Mine x2  
  170  12:11  Banshee  
  170  12:12  Marine  
  170  12:13  Marine x4  
  170  12:14  Marine x2  
  184  12:23  Terran Infantry Weapons Level 3  
  184  12:31  Planetary Fortress  
  184  12:32  Missile Turret  
  184  12:37  Missile Turret  
  184  12:43  Marine x4  
  188  13:07  Marine x5  
  188  13:08  Marine x2  
  195  13:15  Banshee  
  195  13:25  Marine x2  
  88  13:35  Marine x5  
  91  13:42  Marine  
  91  13:43  Marine  
  91  13:47  SCV  
  94  13:52  Marine, Hellion  
  94  13:53  Marine x4  
  94  13:54  Hellion  
  94  13:55  SCV  
  104  13:57  SCV  
  104  13:59  SCV  
  104  14:00  Marine x2  
  108  14:10  Marine x2  
  108  14:11  Marine x2  
  112  14:17  Marine  
  112  14:18  Marine x2  
  112  14:22  Hellion x2  
  112  14:23  Banshee  
  122  14:28  Marine x4  
  126  14:35  Marine, Command Center  
  126  14:36  Marine  
Show
View Real Time Build Order
Export as new Build Order

Fading Zerg - Winner!

Build Orders: Hatch First 

Get SALT Encoding   

  12  0:02  Drone  
  13  0:12  Overlord  
  13  0:17  Drone  
  14  0:31  Drone x2  
  16  0:38  Drone  
  17  1:01  Drone  
  18  1:16  Drone  
  18  1:18  Drone  
  20  1:19  Hatchery  
  19  1:33  Spawning Pool  
  19  1:35  Extractor  
  19  1:37  Drone x2  
  19  1:46  Overlord  
  19  2:14  Drone  
  20  2:16  Drone x2  
  20  2:20  Hatchery, Queen  
  23  2:31  Queen  
  23  2:32  Zergling x2  
  23  2:33  Zergling x2  
  23  2:37  Metabolic Boost  
  27  2:48  Zergling x2  
  27  2:49  Zergling x2  
  27  2:50  Drone  
  30  3:00  Queen  
  30  3:04  Drone x3  
  35  3:16  Overlord  
  35  3:21  Overlord  
  35  3:31  Queen  
  37  3:37  Zergling x10  
  37  3:41  Baneling Nest  
  41  3:47  Queen  
  43  3:52  Drone x3  
  46  4:04  Drone  
  46  4:05  Drone x3  
  46  4:07  Overlord  
  47  4:32  Queen x3  
  47  4:35  Drone x4  
  47  4:36  Drone  
  58  4:42  Extractor  
  55  4:51  Zergling x2  
  55  4:52  Zergling x4  
  58  4:54  Overlord x2  
  51  5:07  Zergling x4  
  51  5:08  Zergling x10  
  58  5:19  Zergling x2  
  58  5:20  Zergling x12  
  65  5:32  Drone  
  65  5:33  Drone x2  
  68  5:45  Drone x3  
  64  6:06  Zergling x2  
  64  6:07  Zergling x18  
  64  6:08  Baneling x3  
  64  6:09  Baneling  
  72  6:16  Zergling x4  
  59  6:39  Drone x8  
  66  6:40  Drone  
  66  6:52  Lair  
  66  7:00  Drone x5  
  66  7:01  Drone  
  70  7:16  Zergling x6  
  73  7:32  Spore Crawler  
  72  7:38  Spore Crawler  
  72  7:42  Drone  
  72  7:43  Drone x2  
  74  7:44  Overlord x3  
  74  7:53  Extractor  
  74  7:57  Extractor  
  72  8:01  Drone, Hatchery  
  72  8:02  Overlord x2, Drone x7  
  72  8:03  Drone  
  72  8:04  Drone x2  
  82  8:09  Extractor  
  82  8:11  Extractor  
  80  8:19  Evolution Chamber  
  79  8:20  Evolution Chamber  
  78  8:33  Centrifical Hooks  
  78  8:37  Hydralisk Den  
  77  8:47  Drone x11  
  77  8:48  Drone x3  
  91  9:19  Hydralisk x5  
  91  9:20  Hydralisk x9  
  91  9:23  Zerg Melee Weapons Level 1  
  119  9:24  Zerg Ground Armor Level 1  
  119  9:28  Grooved Spines  
  119  9:31  Overseer  
  119  9:45  Drone  
  119  9:47  Overlord x4  
  120  10:11  Infestation Pit  
  120  10:12  Zergling x2  
  120  10:13  Zergling x36  
  138  10:17  Queen  
  140  10:39  Overlord x5, Muscular Augments  
  140  11:02  Baneling  
  140  11:03  Baneling x8  
  140  11:04  Baneling x2  
  140  11:07  Hive  
  140  11:11  Overlord x3  
  140  11:12  Hydralisk x7  
  140  11:13  Hydralisk, Zergling x2  
  140  11:14  Zergling x14  
  164  11:21  Drone x3  
  164  11:22  Drone x5  
  172  11:26  Extractor  
  172  11:27  Extractor  
  170  11:47  Zergling x2  
  170  11:48  Zergling x18  
  170  11:52  Baneling x11  
  170  11:53  Baneling x20  
  180  12:03  Drone x7  
  180  12:04  Drone x4  
  191  12:30  Zerg Melee Weapons Level 2  
  191  12:31  Zerg Ground Armor Level 2  
  191  12:33  Ultralisk Cavern  
  190  12:40  Hydralisk  
  190  12:41  Hydralisk x4  
  153  13:27  Zergling x6, Ultralisk  
  153  13:28  Ultralisk x6  
  188  13:41  Chitinous Plating  
  188  13:43  Ultralisk x2  
  200  14:10  Hatchery  
  199  14:27  Hatchery  
  198  14:32  Zergling x4  
  177  14:58  Zergling x2  
  177  14:59  Zergling x26  
Tags
 
Add a new tag
Caveats
  • Supply blocks, unpowered buildings, or Contaminate may cause inaccurate times.
  • Supply counts are checked every 10 seconds.